Map: Para Site LE

Players

HoRNET - Winner!

  • Race: Protoss Protoss
  • League: Platinum
  • Spawn Location: 11:00

Styles

  • Race: Protoss Protoss
  • League: Gold
  • Spawn Location: 5:00

VOD

Have the link to the VOD?

Description

Time

  • Played on: Dec. 15, 2018, 1:44 p.m.
  • Length: 14:40
Show
View Real Time Build Order
Export as new Build Order

HoRNET Protoss - Winner!

Build Orders: 1 Gate Expand 

Get SALT Encoding   

  12  0:03  Probe  
  13  0:15  Probe  
  13  0:16  Pylon  
  14  0:23  Probe  
  15  0:38  Gateway  
  15  0:40  Probe  
  16  0:52  Probe  
  17  1:00  Pylon  
  17  1:03  Probe  
  18  1:11  Probe  
  19  1:19  Probe  
  19  1:23  Nexus  
  20  1:35  Probe  
  20  1:36  Zealot  
  23  2:01  Cybernetics Core  
  23  2:02  Pylon  
  23  2:13  Zealot  
  23  2:20  Probe  
  25  2:32  Probe  
  26  2:37  Zealot  
  26  2:40  Forge  
  28  2:46  Probe  
  29  2:57  Zealot  
  31  3:15  Photon Cannon  
  31  3:17  Photon Cannon  
  31  3:21  Zealot  
  31  3:23  Pylon  
  23  4:21  Zealot  
  22  4:25  Pylon  
  22  4:28  Pylon  
  22  4:44  Probe  
  22  4:48  Zealot  
  22  4:52  Probe  
  26  5:05  Shield Battery  
  26  5:06  Shield Battery  
  25  5:15  Zealot  
  25  5:42  Zealot  
  17  6:14  Probe  
  16  6:22  Probe  
  16  6:26  Photon Cannon  
  17  6:35  Assimilator  
  17  6:42  Probe  
  18  6:54  Probe  
  19  7:06  Probe  
  20  7:14  Probe  
  20  7:22  Probe  
  22  7:33  Probe  
  23  7:56  Pylon  
  23  8:01  Assimilator  
  23  8:06  Pylon  
  23  8:08  Probe  
  23  8:16  Probe  
  23  8:24  Probe  
  24  8:32  Stargate  
  25  8:35  Probe  
  26  8:42  Adept  
  26  8:47  Probe  
  29  8:59  Probe  
  30  9:09  Adept  
  32  9:11  Probe  
  33  9:23  Probe  
  33  9:24  Oracle  
  37  9:35  Probe  
  38  9:46  Pylon  
  38  9:47  Pylon  
  38  9:48  Probe  
  39  9:58  Oracle  
  39  10:01  Shield Battery  
  39  10:04  Zealot  
  39  10:06  Shield Battery  
  44  10:22  Pylon  
  44  10:26  Oracle  
  47  10:43  Photon Cannon  
  47  10:54  Zealot  
  47  10:55  Probe  
  50  10:58  Oracle  
  53  11:04  Pylon  
  53  11:25  Oracle  
  53  11:31  Probe  
  54  11:33  Photon Cannon  
  57  11:43  Probe  
  58  12:07  Pylon  
Show
View Real Time Build Order
Export as new Build Order

Styles Protoss 

Build Orders:  

Get SALT Encoding   

  12  0:18  Probe  
  13  0:26  Probe  
  13  0:30  Pylon  
  13  0:35  Probe  
  15  0:53  Gateway  
  15  0:57  Gateway  
  15  1:03  Gateway  
  15  1:36  Pylon  
  15  1:43  Zealot  
  17  1:47  Zealot  
  21  1:54  Zealot  
  21  2:04  Zealot  
  21  2:07  Zealot  
  25  2:31  Zealot  
  27  2:39  Zealot x2  
  31  3:05  Pylon  
  31  3:23  Zealot x3  
  33  3:58  Zealot  
  33  3:59  Zealot x2  
  12  4:26  Zealot x2  
  16  4:32  Zealot  
  18  4:53  Zealot x2  
  16  6:34  Probe  
  17  7:23  Probe  
  16  7:57  Probe  
  17  8:44  Probe  
  18  8:52  Probe  
  18  9:02  Probe  
  20  9:14  Probe  
  21  9:31  Probe  
  22  9:39  Probe  
  23  9:49  Probe  
  24  10:01  Probe  
  24  10:03  Assimilator  
  25  10:10  Probe  
  26  10:19  Probe  
  27  10:32  Probe  
  28  10:40  Probe  
  28  10:45  Cybernetics Core  
  28  10:49  Probe  
  30  11:27  Assimilator  
  30  11:36  Stargate  
Tags
 
Matchup
PvP
Spawn Locations
Cross Positions
Add a new tag
Caveats
  • Supply blocks, unpowered buildings, or Contaminate may cause inaccurate times.
  • Supply counts are checked every 10 seconds.